[Event "Early-Titled-Tuesday-Blitz-October-24-2023"]
[Site "Chess.com"]
[Date "2023.10.24"]
[Round "5"]
[White "ExchangeAB"]
[Black "diamonds13"]
[Result "0-1"]
[WhiteElo "2532"]
[BlackElo "2318"]
[TimeControl "180+1"]
[EndTime "8:53:29 PDT"]
[Termination "diamonds13 won by resignation"]

1. d4 Nf6 2. Nc3 e6 3. e4 d5 4. exd5 exd5 5. Bd3 Be7 6. Nge2 O-O 7. O-O h6 8. Ng3 c6 9. Nf5 Bxf5 10. Bxf5 Na6 11.
Ne2 Nc7 12. c3 Ne4 13. Bh3 f5 14. f3 Ng5 15. Nf4 Bd6 16. Re1 Re8 17. Rxe8+ Qxe8 18. Bxf5 Qf7 19. g4 Bxf4 20. Bxf4 Nh3+ 21. Kh1 Nf2+ 22. Kg2 Nxd1 23. Rxd1 Ne6 24. Be5 g6 25. Bc2 Nf4+ 26. Kg3 Rf8 27. Rf1 h5 28. h3 h4+ 29.
Kh2 g5 30. Bf5 Ng6 31. Bd6 Re8 32. Rf2 Re1 33. Rd2 Nf4 34. a4 Qe8 35. Be5 Rxe5 36. dxe5 Qxe5 0-1

[Event "Early-Titled-Tuesday-Blitz-October-24-2023"]
[Site "Chess.com"]
[Date "2023.10.24"]
[Round "5"]
[White "Sofia_Blokhin"]
[Black "Happy1712Drummer"]
[Result "1-0"]
[WhiteElo "2252"]
[BlackElo "2387"]
[TimeControl "180+1"]
[EndTime "8:53:34 PDT"]
[Termination "Sofia_Blokhin won on time"]

1. d4 d5 2. c4 e6 3. Nc3 c5 4. e3 Nf6 5. Nf3 Nc6 6. cxd5 exd5 7. Be2 c4 8. O-O Bf5 9. b3 cxb3 10. Qxb3 Na5 11. Bb5+ Bd7 12. Qa4 b6 13. Ne5 Bd6 14. Nxd5 Bxe5 15. dxe5 Nxd5 16. Rd1 Nc3 17. Bxd7+ Kf8 18. Qb4+ Qe7 19. Qxc3 Kg8 20. Ba3 Qg5 21.
Bc8 h5 22. Ba6 Rh6 23. Bd3 h4 24. h3 1-0

[Event "Early-Titled-Tuesday-Blitz-October-24-2023"]
[Site "Chess.com"]
[Date "2023.10.24"]
[Round "5"]
[White "K_A_S_T_O_R"]
[Black "dropstoneDP"]
[Result "0-1"]
[WhiteElo "2877"]
[BlackElo "3094"]
[TimeControl "180+1"]
[EndTime "8:53:35 PDT"]
[Termination "dropstoneDP won on time"]

1. e4 e5 2. Nf3 Nf6 3. d3 Nc6 4. Be2 d5 5. Nbd2 g6 6. O-O Bg7 7. c3 a5 8. b3 O-O 9. a3 Re8 10.
Bb2 Nh5 11. g3 Bh3 12. Re1 d4 13. cxd4 exd4 14. Kh1 Bg4 15. Rc1 Qd7 16. Ng1 Ne5 17.
Nc4 Nxc4 18. Bxg4 Nxb2 19. Qe2 f5 20. Bxh5 fxe4 21. Bg4 exd3 22. Qxe8+ Rxe8 23. Bxd7 Rxe1 24. Rxe1 d2 25. Rb1 d1=Q 26. Be6+ Kf8 27. Rxd1 Nxd1 28. Kg2 d3 29. Nf3 Bc3 30. Bc4 Nb2 31. Kf1 a4 32. h4 d2 0-1

[Event "Early-Titled-Tuesday-Blitz-October-24-2023"]
[Site "Chess.com"]
[Date "2023.10.24"]
[Round "5"]
[White "Semetey"]
[Black "LuisFSiles"]
[Result "1-0"]
[WhiteElo "2534"]
[BlackElo "2280"]
[TimeControl "180+1"]
[EndTime "8:53:35 PDT"]
[Termination "Semetey won on time"]

1. a3 g6 2. e4 Bg7 3. d4 d6 4.
Nf3 Nf6 5. Nc3 O-O 6. Be2 Bg4 7.
O-O Nc6 8. Be3 e5 9. dxe5 Nxe5 10.
Nxe5 Bxe2 11. Qxe2 dxe5 12. Rad1 Qe7 13. Qc4 b6 14.
Bg5 Qe6 15. Qxe6 fxe6 16. Bxf6 Bxf6 17. Rd7 Rf7 18. Rfd1 Raf8 19. Nb5 Bh4 20. Rxf7 Rxf7 21. g3 Be7 22. Rd7 Bc5 23. Rxf7 Kxf7 24. Nxc7 Ke7 25. Kf1 Kd7 26. Nb5 Kc6 27. Nc3 b5 28. Ke2 a5 29.
f3 b4 30. axb4 axb4 31. Nd1 Kb5 32. Kd3 Bd4 33. c3 bxc3 34. bxc3 Bb6 35. g4 1-0

[Event "Early-Titled-Tuesday-Blitz-October-24-2023"]
[Site "Chess.com"]
[Date "2023.10.24"]
[Round "5"]
[White "Zhbugnoimt"]
[Black "Lion_DL"]
[Result "1-0"]
[WhiteElo "2572"]
[BlackElo "2419"]
[TimeControl "180+1"]
[EndTime "8:53:36 PDT"]
[Termination "Zhbugnoimt won by resignation"]

1. e4 c5 2. Nf3 e6 3. d4 cxd4 4.
Nxd4 a6 5. Nc3 Qc7 6. Bd3 Nf6 7. O-O Nc6 8. Nxc6 dxc6 9. e5 Qxe5 10. Re1 Qc7 11.
Qf3 Be7 12. Bf4 Qb6 13. Be5 O-O 14. Qh3 h6 15. Re3 Nd7 16. Bf4 f5 17. Rxe6 Bc5 18. Bxh6 Bxf2+ 19. Kh1 Nf6 20. Re7 Ne8 21. Bc4+ 1-0

[Event "Early-Titled-Tuesday-Blitz-October-24-2023"]
[Site "Chess.com"]
[Date "2023.10.24"]
[Round "5"]
[White "Oleksandr_Bortnyk"]
[Black "Nyzhnyk_Illia"]
[Result "0-1"]
[WhiteElo "3033"]
[BlackElo "2884"]
[TimeControl "180+1"]
[EndTime "8:53:39 PDT"]
[Termination "Nyzhnyk_Illia won on time"]

1. d4 d5 2. Nc3 Nc6 3. e4 e6 4. Nf3 Bb4 5. e5 Nge7 6. Bg5 h6 7.
Be3 Nf5 8. Bd3 Nxe3 9. fxe3 O-O 10. O-O f5 11. exf6 Rxf6 12. e4 Bxc3 13. bxc3 Bd7 14.
Qe2 Be8 15. exd5 exd5 16. Ne5 Nxe5 17. dxe5 Rxf1+ 18. Rxf1 Qe7 19. e6 Rd8 20. Qe5 Rd6 21.
Re1 Qg5 22. Qd4 b6 23. e7 c5 24. Qf2 Rf6 25. Qe3 Qxe3+ 26. Rxe3 Kf7 27. Re5 Rd6 28. Kf2 Kf6 29. Re3 Re6 30. Rxe6+ Kxe6 31. a3 Kxe7 32. Ke3 Kd6 33. Kf4 Bd7 34. h4 b5 35. g4 a5 36. g5 a4 37. Ke3 b4 38. cxb4 cxb4 39. Kd2 bxa3 40. Kc1 Kc5 41. Kb1 Kb4 42. gxh6 gxh6 43. Bg6 d4 44. Ka1 Be6 45. Bd3 Kc3 46. Be4 Bc4 47. Bg6 Be2 48. Kb1 Bd1 0-1

[Event "Early-Titled-Tuesday-Blitz-October-24-2023"]
[Site "Chess.com"]
[Date "2023.10.24"]
[Round "5"]
[White "WhiteKnight2612"]
[Black "Boundless_Strike"]
[Result "1-0"]
[WhiteElo "2826"]
[BlackElo "2619"]
[TimeControl "180+1"]
[EndTime "8:53:39 PDT"]
[Termination "WhiteKnight2612 won by resignation"]

1. e4 d6 2. d4 e5 3. Nf3 Bg4 4. dxe5 Nc6 5. Bb5 Qd7 6. h3 Bh5 7. exd6 Bxd6 8. e5 Bxf3 9. Qxf3 Bxe5 10. O-O Nge7 11. Re1 O-O 12. Nc3 Bxc3 13. Qxc3 Nd5 14. Qg3 Qf5 15. Bd3 Qf6 16. Bg5 Qxb2 17. Rab1 Qc3 18.
Re4 Rfe8 19. Rxb7 Ncb4 20. Rbxb4 Qa1+ 21. Kh2 Nxb4 22. Rxb4 c5 23. Rb7 Qe5 24. Bf4 Qf6 25. Bc4 Re7 26. Bg5 Qxg5 27. Qxg5 Rxb7 28. Bd5 1-0

[Event "Early-Titled-Tuesday-Blitz-October-24-2023"]
[Site "Chess.com"]
[Date "2023.10.24"]
[Round "5"]
[White "OhanyanEminChess"]
[Black "Wizard_97"]
[Result "1-0"]
[WhiteElo "2817"]
[BlackElo "2611"]
[TimeControl "180+1"]
[EndTime "8:53:39 PDT"]
[Termination "OhanyanEminChess won by checkmate"]

1. e4 c6 2. d4 d5 3. Nc3 dxe4 4. Nxe4 Nf6 5. Nxf6+ gxf6 6. c3 Bf5 7. Ne2 Nd7 8. Ng3 Bg6 9. h4 h6 10. h5 Bh7 11. Bd3 Bxd3 12. Qxd3 Qc7 13. Be3 O-O-O 14. O-O-O e6 15. Kb1 f5 16. Ne2 Bd6 17. c4 c5 18.
Qc2 a6 19. d5 Ne5 20. f3 Be7 21. Bf4 Bf6 22. Nc3 Qa5 23. Qe2 Nd7 24. dxe6 fxe6 25.
Qxe6 Bxc3 26. Rd6 Qc7 27. bxc3 Rhe8 28. Qxh6 Re2 29. Rd2 Qb6+ 30. Qxb6 Rxd2 31. Qc7# 1-0

[Event "Early-Titled-Tuesday-Blitz-October-24-2023"]
[Site "Chess.com"]
[Date "2023.10.24"]
[Round "5"]
[White "GMSrinath"]
[Black "rezamahdavi2008"]
[Result "0-1"]
[WhiteElo "2829"]
[BlackElo "2894"]
[TimeControl "180+1"]
[EndTime "8:53:41 PDT"]
[Termination "rezamahdavi2008 won by checkmate"]

1. Nf3 Nf6 2. c4 e6 3. e3 d5 4. b3 c6 5. Bb2 Nbd7 6. Nc3 Bd6 7. d4 O-O 8. Bd3 b6 9. O-O Bb7 10. Rc1 Qe7 11. Re1 Ba3 12. Qd2 Bxb2 13. Qxb2 c5 14.
cxd5 cxd4 15. Nxd4 Nxd5 16. Nxd5 Bxd5 17. Rc7 Qd8 18.
Rc3 Nc5 19. Bb1 e5 20. Nf5 g6 21. Ng3 Qh4 22. Rcc1 Rfe8 23. b4 Nd7 24. Red1 Nf6 25.
h3 Rad8 26. a3 Qg5 27. Ba2 Bxa2 28. Qxa2 h5 29. Rxd8 Rxd8 30. Rc7 Rd1+ 31. Kh2 Ng4+ 32. hxg4 Qh4# 0-1

[Event "Early-Titled-Tuesday-Blitz-October-24-2023"]
[Site "Chess.com"]
[Date "2023.10.24"]
[Round "5"]
[White "GM_DarwinLaylo"]
[Black "Sjakkerntobi"]
[Result "1-0"]
[WhiteElo "2642"]
[BlackElo "2481"]
[TimeControl "180+1"]
[EndTime "8:53:41 PDT"]
[Termination "GM_DarwinLaylo won by resignation"]

1. c4 c5 2. Nc3 g6 3. g3 Bg7 4.
Bg2 Nc6 5. e4 d6 6. Nge2 e6 7.
O-O Nge7 8. d3 O-O 9. Be3 Nd4 10. Qd2 b6 11. Bh6 Bb7 12. Bxg7 Kxg7 13. Nxd4 cxd4 14.
Ne2 Nc6 15. f4 e5 16. f5 f6 17. h4 a6 18. g4 Qe7 19. Ng3 b5 20. b3 Bc8 21.
Rf2 Bd7 22. Raf1 bxc4 23. bxc4 Rab8 24. g5 gxf5 25. gxf6+ Rxf6 26. Nh5+ Kh8 27. Nxf6 Qxf6 28. exf5 Rg8 29. h5 e4 30. dxe4 Ne5 31. Rf4 Nxc4 32. Qb4 Ne3 33. R1f2 Bb5 34. Rd2 Bf1 35. Rxf1 Nxf1 36.
Kxf1 d3 37. Qb2 Qxb2 38. Rxb2 Rc8 39. Rd2 Rc2 40. Ke1 Rc3 41. Kf2 Kg7 1-0

[Event "Early-Titled-Tuesday-Blitz-October-24-2023"]
[Site "Chess.com"]
[Date "2023.10.24"]
[Round "5"]
[White "SergioMoralesG"]
[Black "Malikova777"]
[Result "1-0"]
[WhiteElo "2402"]
[BlackElo "2218"]
[TimeControl "180+1"]
[EndTime "8:53:41 PDT"]
[Termination "SergioMoralesG won by checkmate"]

1. d4 Nf6 2. c4 e6 3. Nf3 Bb4+ 4. Nbd2 O-O 5. a3 Be7 6. e4 d5 7. e5 Nfd7 8. c5 a5 9. Bd3 b6 10. cxb6 cxb6 11. h4 Ba6 12. Bxh7+ Kxh7 13. Ng5+ Kg6 14. h5+ Kh6 15. Ndf3 Bxg5 16. Bxg5+ Qxg5 17. Nxg5 f6 18. Nxe6 Rf7 19. Qc2 f5 20. Qc1+ f4 21. Qc2 Nf8 22. Nxf8 Kg5 23. Qg6# 1-0

[Event "Early-Titled-Tuesday-Blitz-October-24-2023"]
[Site "Chess.com"]
[Date "2023.10.24"]
[Round "5"]
[White "wannabe2700"]
[Black "AlmasRakhmatullaev"]
[Result "1-0"]
[WhiteElo "2637"]
[BlackElo "2812"]
[TimeControl "180+1"]
[EndTime "8:53:42 PDT"]
[Termination "wannabe2700 won by resignation"]

1. e4 e5 2. Nf3 Nf6 3. d4 Nxe4 4.
Bd3 d5 5. Nxe5 Bd6 6. O-O O-O 7. c4 c6 8. Nc3 Bxe5 9. dxe5 Nxc3 10. bxc3 Be6 11.
Qe2 Nd7 12. cxd5 Bxd5 13. c4 Be6 14. Ba3 Re8 15. f4 Qa5 16. Bd6 f5 17. g4 fxg4 18.
f5 Nxe5 19. Bxe5 Bf7 20. Rae1 Rad8 21. Bb1 Qc5+ 22. Rf2 h5 23. Bc2 Rd7 24. f6 gxf6 25. Qe4 Rxe5 26. Qh7+ Kf8 27. Qh8+ Bg8 28. Qxf6+ Rf7 29. Rxe5 1-0

[Event "Early-Titled-Tuesday-Blitz-October-24-2023"]
[Site "Chess.com"]
[Date "2023.10.24"]
[Round "5"]
[White "Adnan_Habib"]
[Black "gueraumasague"]
[Result "0-1"]
[WhiteElo "2331"]
[BlackElo "2494"]
[TimeControl "180+1"]
[EndTime "8:53:42 PDT"]
[Termination "gueraumasague won by checkmate"]

1. d4 g6 2. c4 Bg7 3. Nf3 c5 4. d5 f5 5. Qc2 Na6 6. a3 Nf6 7. Nc3 d6 8. e4 fxe4 9. Ng5 O-O 10. Ngxe4 Nc7 11. Bd3 e6 12. Bg5 exd5 13. Nxd5 Ncxd5 14. cxd5 Qe8 15. O-O Nxe4 16. Bxe4 Qe5 17. Bc1 Bf5 18. Bxf5 Rxf5 19. Qb3 Qxd5 20. Qxd5+ Rxd5 21. Ra2 Rd3 22. b4 Re8 23. bxc5 dxc5 24. Be3 b6 25. a4 Bd4 26.
Bxd4 Rxd4 27. Rb1 Rb4 28. Rc1 Ree4 29. a5 Ra4 30. Rd2 Rxa5 31. Rd8+ Kf7 32. f3 Re7 33. Kf2 Ra2+ 34. Kg3 Rb2 35. Rcd1 a5 36. Ra8 c4 37. Rdd8 Rc7 38. Rf8+ Ke6 39. Rae8+ Kd5 40. h4 c3 41.
Rd8+ Kc4 42. Rfe8 c2 43. Re1 Rb1 44. Re4+ Kb5 45. Re5+ Rc5 46. Rxc5+ bxc5 47. Rb8+ Ka4 48. Rc8 c1=Q 49. Kg4 Rb4+ 50. Kh3 Qh1+ 51. Kg3 Qxh4# 0-1

[Event "Early-Titled-Tuesday-Blitz-October-24-2023"]
[Site "Chess.com"]
[Date "2023.10.24"]
[Round "5"]
[White "Fuzesabonyilaci"]
[Black "miraitrunks"]
[Result "1-0"]
[WhiteElo "2375"]
[BlackElo "2130"]
[TimeControl "180+1"]
[EndTime "8:53:44 PDT"]
[Termination "Fuzesabonyilaci won by resignation"]

1. c4 c5 2. Nc3 Nc6 3. g3 g6 4.
Bg2 Bg7 5. e3 Nf6 6. Nge2 O-O 7. d4 cxd4 8. exd4 d6 9. O-O Bg4 10. Be3 e5 11. h3 exd4 12. Bxd4 Be6 13. b3 Nxd4 14. Nxd4 Qa5 15. Qd3 Qb6 16. Rad1 Rad8 17.
Nde2 Rd7 18. Nf4 Rfd8 19. Rfe1 d5 20. Nfxd5 Nxd5 21. Nxd5 Qa5 22. Qe2 b5 23. Nf4 bxc4 24. Nxe6 Rxd1 25. Rxd1 Rxd1+ 26. Qxd1 fxe6 27. Qe2 c3 28. Qxe6+ Kf8 29. Bd5 Qc7 30. Qg8+ 1-0

[Event "Early-Titled-Tuesday-Blitz-October-24-2023"]
[Site "Chess.com"]
[Date "2023.10.24"]
[Round "5"]
[White "matenitian"]
[Black "NovikovaGalina"]
[Result "1-0"]
[WhiteElo "2583"]
[BlackElo "2435"]
[TimeControl "180+1"]
[EndTime "8:53:45 PDT"]
[Termination "matenitian won by checkmate"]

1. e4 e6 2. d4 d5 3. Nc3 Bb4 4.
e5 c5 5. a3 Bxc3+ 6. bxc3 Ne7 7.
Nf3 b6 8. Bb5+ Bd7 9. Bd3 c4 10.
Be2 Ba4 11. O-O h6 12. Nh4 Nbc6 13. f4 Kd7 14. f5 Qg8 15. fxe6+ fxe6 16. Bg4 g5 17. Rf6 gxh4 18. Bxe6+ Qxe6 19. Rxe6 Kxe6 20. Qg4+ Kf7 21. Be3 Rag8 22. Qd7 Rg7 23. Rf1+ Kg8 24. Qe6+ Kh7 25. Qxh6+ Kg8 26. Qe6+ Kh7 27. Rf7 Bxc2 28.
Qh6+ Kg8 29. Qxg7# 1-0

[Event "Early-Titled-Tuesday-Blitz-October-24-2023"]
[Site "Chess.com"]
[Date "2023.10.24"]
[Round "5"]
[White "HajiyevKanan"]
[Black "Road2GM3000"]
[Result "1-0"]
[WhiteElo "2564"]
[BlackElo "2394"]
[TimeControl "180+1"]
[EndTime "8:53:52 PDT"]
[Termination "HajiyevKanan won by checkmate"]

1. d4 d5 2. Nf3 Nf6 3. c4 c6 4. cxd5 cxd5 5. Nc3 Nc6 6. Bg5 a6 7. Bxf6 gxf6 8. Qb3 e6 9. g3 Na5 10. Qc2 Bd7 11. Bg2 Rc8 12. O-O h5 13. e4 dxe4 14.
Qxe4 Bc6 15. Qe2 Be7 16. Rad1 Kf8 17. d5 exd5 18. Nd4 Bc5 19. Rfe1 Qd7 20. Qf3 Re8 21. Rxe8+ Qxe8 22. Qxf6 Rh7 23. Nxd5 Nc4 24. Nxc6 bxc6 25. Nc7 Be7 26. Nxe8 Bxf6 27. Nxf6 Rh6 28. Nd7+ Ke7 29. b3 Na3 30. Ne5 c5 31. f4 Nb5 32. Rd7+ Kf8 33.
Rxf7+ Ke8 34. Rb7 Nc3 35. a4 Ne2+ 36. Kf2 Nd4 37. a5 h4 38. g4 h3 39. Bd5 Rf6 40. f5 Nxf5 41. Rb8+ Ke7 42. Nc6+ Kd6 43. Rd8+ Kc7 44.
gxf5 Rxf5+ 45. Bf3 Rf4 46. Ra8 Kb7 47. Ra7+ Kc8 48.
Kg3 c4 49. Kxf4 cxb3 50. Bg4# 1-0

[Event "Early-Titled-Tuesday-Blitz-October-24-2023"]
[Site "Chess.com"]
[Date "2023.10.24"]
[Round "5"]
[White "rocket10jan"]
[Black "pinguino120"]
[Result "1-0"]
[WhiteElo "2386"]
[BlackElo "2194"]
[TimeControl "180+1"]
[EndTime "8:53:52 PDT"]
[Termination "rocket10jan won by resignation"]

1. e4 c6 2. Nf3 d5 3. Nc3 g6 4. d4 Bg4 5. e5 Bg7 6. h3 Bxf3 7. Qxf3 f6 8. exf6 Nxf6 9. Bd3 O-O 10. Qe2 Qd6 11.
O-O Nbd7 12. Bg5 e5 13. dxe5 Nxe5 14. Rae1 Nxd3 15. Qxd3 Rae8 16. Bh4 Nh5 17. Ne2 Re4 18. Bg3 Nxg3 19. Nxg3 Rxe1 20. Rxe1 Qf4 21. Qe2 Bd4 22. Nh1 Bxb2 23. Rb1 Qf6 24. c4 Be5 25. cxd5 cxd5 26. Rxb7 Rf7 27. Rxf7 Kxf7 28. Qd3 d4 29. f3 Qf4 30.
Nf2 Qc1+ 31. Nd1 Qb2 32. Nxb2 1-0

[Event "Early-Titled-Tuesday-Blitz-October-24-2023"]
[Site "Chess.com"]
[Date "2023.10.24"]
[Round "5"]
[White "HeroRubiksCube"]
[Black "IljaZaragatski"]
[Result "1-0"]
[WhiteElo "2552"]
[BlackElo "2632"]
[TimeControl "180+1"]
[EndTime "8:53:53 PDT"]
[Termination "HeroRubiksCube won by checkmate"]

1. e4 e6 2. d3 d5 3. Nd2 Nf6 4. g3 b6 5. Bg2 Bb7 6. Qe2 Be7 7. Ngf3 c5 8. O-O Nc6 9. c3 Qc7 10. Re1 h6 11. e5 Nd7 12. Nf1 g5 13. h3 O-O-O 14. a3 Rdg8 15. b4 h5 16. b5 Na5 17. d4 Kb8 18. N3d2 cxd4 19. cxd4 Qc3 20. Rb1 Qxd4 21. Bb2 Qa4 22. Ne3 h4 23. g4 Rc8 24.
Rec1 Rxc1+ 25. Rxc1 Rc8 26. Rxc8+ Kxc8 27. Qd3 Qf4 28. Nf3 Kb8 29. Bc3 Nc5 30. Qh7 Nc4 31. Qg8+ Kc7 32. Nxc4 dxc4 33. Nd4 Qc1+ 34. Kh2 Bxg2 35.
Kxg2 Qxc3 36. Nc6 Nd3 37. Qb8+ Kd7 38. Qb7+ Ke8 39. Qxe7# 1-0

[Event "Early-Titled-Tuesday-Blitz-October-24-2023"]
[Site "Chess.com"]
[Date "2023.10.24"]
[Round "5"]
[White "Manukyan_Artak"]
[Black "Fraler15"]
[Result "1-0"]
[WhiteElo "2410"]
[BlackElo "2253"]
[TimeControl "180+1"]
[EndTime "8:53:54 PDT"]
[Termination "Manukyan_Artak won by resignation"]

1. e4 c5 2. Nf3 e6 3. c3 d5 4. e5 d4 5. cxd4 cxd4 6. Bb5+ Nc6 7. Bxc6+ bxc6 8. Qa4 Bc5 9. Qxc6+ Bd7 10. Qe4 Rc8 11. O-O Bc6 12. Qf4 Ne7 13. d3 Ng6 14. Qg3 h5 15.
Bg5 Qd5 16. h4 Bb6 17. Nbd2 Ne7 18. Bxe7 Kxe7 19. Ne4 Kf8 20. Nd6 Rd8 21. Rac1 Bc7 22. Nxd4 Bxd6 23. Nxc6 Rc8 24. Nb4 Rxc1 25. Nxd5 Rxf1+ 26. Kxf1 1-0

[Event "Early-Titled-Tuesday-Blitz-October-24-2023"]
[Site "Chess.com"]
[Date "2023.10.24"]
[Round "5"]
[White "AvitalBor"]
[Black "RandomNoob04"]
[Result "1-0"]
[WhiteElo "2849"]
[BlackElo "2624"]
[TimeControl "180+1"]
[EndTime "8:53:55 PDT"]
[Termination "AvitalBor won on time"]

1. c4 Nf6 2. Nc3 e6 3. e4 d5 4. e5 Ne4 5. d4 Bb4 6. Qc2 O-O 7. Nf3 c5 8. Bd3 Nc6 9. O-O Nxd4 10. Nxd4 cxd4 11.
Nxe4 dxe4 12. Bxe4 Qh4 13. g3 Qh5 14. Bf4 Rb8 15.
a3 Be7 16. Rad1 Rd8 17. Rd2 a5 18. h4 b6 19. Rfd1 Bc5 20. b4 axb4 21. axb4 Bxb4 22. Rxd4 Rxd4 23. Rxd4 Ba6 24. Qa4 Bc5 25. Rd2 1-0

[Event "Early-Titled-Tuesday-Blitz-October-24-2023"]
[Site "Chess.com"]
[Date "2023.10.24"]
[Round "5"]
[White "kingapolak"]
[Black "Balla_Tamas"]
[Result "1-0"]
[WhiteElo "2151"]
[BlackElo "2351"]
[TimeControl "180+1"]
[EndTime "8:53:56 PDT"]
[Termination "kingapolak won on time"]

1. e4 c5 2. Nf3 Nc6 3. Nc3 g6 4. d4 cxd4 5. Nxd4 Bg7 6. Be3 Nf6 7. Bc4 O-O 8. Bb3 d5 9. exd5 Nxd4 10. Bxd4 a6 11. O-O b5 12. a3 Bb7 13. Be3 Rc8 14. Re1 Qd6 15. Qf3 Rfd8 16. Rad1 e6 17. Bg5 exd5 18.
Nxd5 Nxd5 19. Bxd8 Rxd8 20. Rd3 Bxb2 21. Red1 Qxa3 22. Bxd5 Bxd5 23. Rxa3 1-0

[Event "Early-Titled-Tuesday-Blitz-October-24-2023"]
[Site "Chess.com"]
[Date "2023.10.24"]
[Round "5"]
[White "Sanyura"]
[Black "chessfatbear"]
[Result "0-1"]
[WhiteElo "2594"]
[BlackElo "2810"]
[TimeControl "180+1"]
[EndTime "8:53:59 PDT"]
[Termination "chessfatbear won by resignation"]

1. e4 c5 2. Nf3 d6 3. d4 cxd4 4.
Nxd4 Nf6 5. f3 e5 6. Nb3 Be7 7. c4 a5 8. Nc3 Nc6 9. Bd3 Nd7 10. Be3 Bh4+ 11. g3 Bg5 12. Qd2 Bxe3 13. Qxe3 a4 14. Nc1 Nc5 15. O-O O-O 16. N1e2 Nb4 17. Bb1 Be6 18.
a3 Nb3 19. axb4 Nxa1 20. Nd5 Nb3 21. f4 Rc8 22. f5 Bxd5 23. exd5 f6 24. Bd3 e4 25.
Qxe4 Nd2 26. Qe6+ Kh8 27. Rf4 Re8 28. Qf7 Qb6+ 29. Kg2 Qe3 30. Rg4 Re7 31. Qh5 Qxd3 32. Nf4 Qf3+ 33. Kh3 Qf1+ 0-1

[Event "Early-Titled-Tuesday-Blitz-October-24-2023"]
[Site "Chess.com"]
[Date "2023.10.24"]
[Round "5"]
[White "DonJuanEGenaro"]
[Black "ZeGood_ZeBad_ZeUgly"]
[Result "1-0"]
[WhiteElo "1814"]
[BlackElo "2316"]
[TimeControl "180+1"]
[EndTime "8:54:01 PDT"]
[Termination "DonJuanEGenaro won on time"]

1. d4 Nf6 2. Nf3 e6 3. g3 c5 4.
c3 Nc6 5. Bg2 d5 6. O-O Be7 7.
a3 c4 8. Bg5 h6 9. Bxf6 gxf6 10. Nbd2 f5 11. b3 b5 12. a4 cxb3 13. axb5 Na5 14.
Nxb3 Nc4 15. Nbd2 Nd6 16. c4 Bb7 17. Ne5 Bf6 18. Nc6 Bxc6 19. bxc6 Bxd4 20. cxd5 Bxa1 21. Qxa1 O-O 22. dxe6 fxe6 23. c7 Qxc7 24. Bxa8 Rxa8 25. Rc1 Qd7 26. Nf3 Nf7 27. Ne5 Nxe5 28. Qxe5 Rc8 29.
Rb1 a5 30. Qf6 Qg7 31. Qxe6+ 1-0

[Event "Early-Titled-Tuesday-Blitz-October-24-2023"]
[Site "Chess.com"]
[Date "2023.10.24"]
[Round "5"]
[White "JimDiGrease"]
[Black "ukchessbomber"]
[Result "0-1"]
[WhiteElo "2866"]
[BlackElo "2663"]
[TimeControl "180+1"]
[EndTime "8:54:05 PDT"]
[Termination "ukchessbomber won by resignation"]

1. d4 a6 2. e4 e6 3. Nf3 b6 4.
Bd3 Bb7 5. O-O d6 6. c4 Nd7 7.
Nc3 g6 8. Be3 Bg7 9. Rc1 Ne7 10.
d5 e5 11. b4 O-O 12. Na4 c5 13. dxc6 Nxc6 14. Qb3 Nd4 15. Bxd4 exd4 16. c5 b5 17. c6 bxa4 18. Qa3 Bc8 19. cxd7 Bxd7 20. Rc2 Qb6 21. Rfc1 Rab8 22. Rc7 Be8 23. Qb2 Qxb4 24. Qe2 Bb5 25. h3 Qa3 26. R1c2 Bxd3 27. Qxd3 Qxd3 0-1

[Event "Early-Titled-Tuesday-Blitz-October-24-2023"]
[Site "Chess.com"]
[Date "2023.10.24"]
[Round "5"]
[White "angryspacevoid"]
[Black "Witik"]
[Result "0-1"]
[WhiteElo "2510"]
[BlackElo "2791"]
[TimeControl "180+1"]
[EndTime "8:54:07 PDT"]
[Termination "Witik won by resignation"]

1. e4 c6 2. d4 d5 3. Nc3 dxe4 4. Nxe4 Nf6 5. Nxf6+ exf6 6. c3 Bd6 7. Bd3 O-O 8. Qc2 Re8+ 9. Ne2 h6 10. Be3 Nd7 11. O-O-O f5 12. Bxf5 Nf6 13. Ng3 Bxg3 14. hxg3 Qd5 15.
Bxc8 Raxc8 16. Kb1 Ng4 17. Bf4 Qxg2 18. Rhf1 Re6 19.
Rfe1 Qxf2 20. Rxe6 Qxc2+ 21. Kxc2 fxe6 22. Re1 Kf7 23. Kd3 Rd8 24. Kc4 Rd5 25. a4 a6 26. b4 Rf5 27. Rb1 g5 28. Bd6 h5 29. b5 axb5+ 30. axb5 cxb5+ 31. Rxb5 Ne3+ 32. Kb4 Rxb5+ 33. Kxb5 Ke8 34.
Be5 Kd7 35. Kb6 Nc4+ 36. Kc5 Nxe5 37. dxe5 0-1

[Event "Early-Titled-Tuesday-Blitz-October-24-2023"]
[Site "Chess.com"]
[Date "2023.10.24"]
[Round "5"]
[White "motivated_bishop"]
[Black "Boninknights"]
[Result "1-0"]
[WhiteElo "2547"]
[BlackElo "2299"]
[TimeControl "180+1"]
[EndTime "8:54:09 PDT"]
[Termination "motivated_bishop won by resignation"]

1. d4 Nf6 2. c4 e6 3. Nc3 Bb4 4. e3 c5 5. Bd3 d5 6. Nf3 Nc6 7. O-O O-O 8. cxd5 exd5 9. dxc5 Bxc5 10. h3 a6 11. b3 Qd6 12. Bb2 Rd8 13. Ne2 Ba7 14. Rc1 Be6 15. Bb1 Rac8 16. Nfd4 Bb8 17. f4 Ba7 18. Kh2 Bd7 19. Nxc6 Bxc6 20. Be5 Qe6 21. Nd4 Bxd4 22. Qxd4 Ne8 23. f5 Qh6 24. f6 g6 25. Rf4 Nd6 26. Rh4 Qf8 27.
Qf4 Ne4 28. Bxe4 dxe4 29. Rh6 Rd2 30. Qh4 Qb4 31. Rxh7 Rxg2+ 32. Kh1 Rh2+ 33. Bxh2 1-0

[Event "Early-Titled-Tuesday-Blitz-October-24-2023"]
[Site "Chess.com"]
[Date "2023.10.24"]
[Round "5"]
[White "MunichMouse"]
[Black "CHENNAIBOND"]
[Result "1-0"]
[WhiteElo "2326"]
[BlackElo "1675"]
[TimeControl "180+1"]
[EndTime "8:54:12 PDT"]
[Termination "MunichMouse won by resignation"]

1. d4 Nf6 2. c4 e6 3. Nf3 b6 4. g3 Ba6 5. Qc2 Bb4+ 6. Bd2 Be7 7. Bg2 c6 8. O-O d5 9. b3 O-O 10. Ne5 Nfd7 11. Nxd7 Nxd7 12. e4 dxc4 13. bxc4 c5 14. Qa4 Bb7 15. d5 exd5 16. exd5 Bf6 17. Bc3 Re8 18. Bh3 Ne5 19. Bg2 a6 20. Qb3 b5 21.
Nd2 b4 22. Bb2 Qd6 23. Ne4 Qd8 24. Nxf6+ gxf6 25. Rae1 a5 26. Qc2 Qd7 27. f4 Ng4 28.
Bh3 f5 29. Ba1 Ne3 30. Qb2 1-0

[Event "Early-Titled-Tuesday-Blitz-October-24-2023"]
[Site "Chess.com"]
[Date "2023.10.24"]
[Round "5"]
[White "eljanov"]
[Black "GeorgiosSouleidis"]
[Result "1-0"]
[WhiteElo "2820"]
[BlackElo "2617"]
[TimeControl "180+1"]
[EndTime "8:54:14 PDT"]
[Termination "eljanov won on time"]

1. d4 Nf6 2. Bf4 g6 3. Nf3 Bg7 4. e3 O-O 5. Be2 d6 6. h3 Nfd7 7. Nc3 e5 8. Bh2 Nc6 9. O-O f5 10. a4 a6 11. a5 e4 12. Nd2 Ne7 13. Bc4+ Kh8 14. f3 exf3 15. Nxf3 Nf6 16. Qe1 Bd7 17. Ng5 d5 18. Bd3 h6 19. Nf3 Ne4 20. Be5 Be6 21.
Bxg7+ Kxg7 22. Ne5 Qd6 23. Na4 Nc6 24. Bxe4 fxe4 25.
Qc3 Nxe5 26. dxe5 Qe7 27. Nc5 Rab8 28. Nxe6+ Qxe6 29. Qxc7+ Kh8 30. c3 Rbe8 31. Qxb7 Qxe5 32. Qxa6 Qg3 33. Qb6 1-0

[Event "Early-Titled-Tuesday-Blitz-October-24-2023"]
[Site "Chess.com"]
[Date "2023.10.24"]
[Round "5"]
[White "Nf3c5"]
[Black "Treasurechess777"]
[Result "0-1"]
[WhiteElo "2607"]
[BlackElo "2334"]
[TimeControl "180+1"]
[EndTime "8:54:14 PDT"]
[Termination "Treasurechess777 won on time"]

1. d4 Nf6 2. Nf3 d5 3. Bg5 Ne4 4. Bf4 Nd6 5. e3 c6 6. Bd3 g6 7.
h4 Bg4 8. Nbd2 Bg7 9. c4 f6 10. Qb3 Qb6 11. c5 Qxb3 12. axb3 Nf7 13. Bxb8 Rxb8 14. Rxa7 e5 15. Be2 e4 16. Nh2 Bxe2 17.
Kxe2 f5 18. f4 exf3+ 19. Nhxf3 Kd7 20. Kd3 Rhe8 21. Rha1 h6 22. b4 g5 23. Nb3 g4 24.
Nfd2 h5 25. Na5 Bh6 26. Nxb7 Rxe3+ 27. Kc2 Ke6 28. R1a6 Rc8 29. Nb3 f4 0-1